 Dungeon Crawl Stone Soup version 0.32-a0-361-g289a535 (webtiles) character file.

Game seed: 4870407266418331525

422 Daphne the Skirmisher (level 6, -3/34 HPs)
             Began as a Deep Elf Hunter on Feb 18, 2024.
             Slain by a sky beast (4 damage)
             ... on level 4 of the Dungeon.
             The game lasted 00:12:26 (2912 turns).

Daphne the Skirmisher (Deep Elf Hunter)             Turns: 2912, Time: 00:12:27

Health: -3/34      AC:  4    Str:  8    XL:     6   Next: 63%
Magic:  11/11      EV: 12    Int: 14    God:
Gold:   106        SH:  0    Dex: 20    Spells: 8/9 levels left

rFire   . . .        a - +0 shortbow
rCold   . . .        (shield currently unavailable)
rNeg    . . .        c - +0 leather armour
rPois   .            g - +0 helmet
rElec   .            (no cloak)
rCorr   .            (no gloves)
SInv    .            (no boots)
Will    +....        (no amulet)
Stlth   ++           o - ring of willpower
HPRegen 0.25/turn    (no ring)
MPRegen 0.12/turn

%: no passive effects
@: no status effects
A: no striking features
a: no special abilities


You were on level 4 of the Dungeon.
You visited 2 branches of the dungeon, and saw 5 of its levels.

You collected 142 gold pieces.
You spent 36 gold pieces at shops.

Inventory:

Hand Weapons
 a - a +0 shortbow (weapon)
 t - the +2 spear of the Original Sin {spect, Will- Int+6}
   (You took it off a hobgoblin on level 4 of the Dungeon)

   Int+6:     It affects your intelligence (+6).
   Will-:     It decreases your willpower.
Armour
 c - a +0 leather armour (worn)
 g - a +0 helmet (worn)
 q - a +0 tower shield
Jewellery
 o - a ring of willpower (left hand)
Scrolls
 e - a scroll of enchant weapon {unknown}
 f - a scroll of immolation {unknown}
 h - 2 scrolls of identify {unknown}
 i - 3 scrolls of teleportation {unknown}
 m - 2 scrolls of poison {unknown}
 n - a scroll of amnesia {unknown}
 p - a scroll of revelation {unknown}
 u - 2 scrolls of vulnerability {unknown}
Potions
 d - 2 potions of invisibility {unknown}
 j - a potion of cancellation {unknown}
 l - 3 potions of enlightenment {unknown}
 r - a potion of heal wounds {unknown}
 s - a potion of attraction {unknown}


   Skills:
 - Level 1.5 Fighting
 * Level 10.0 Ranged Weapons
 - Level 2.4 Dodging
 - Level 1.2 Stealth
 + Level 2.3 Spellcasting
 + Level 1.4 Hexes


You had 8 spell levels left.
You knew the following spells:

 Your Spells              Type           Power      Damage    Failure   Level
a - Slow                  Hex            20%        N/A       19%         1

Your spell library contained the following spells:

 Spells                   Type           Power      Damage    Failure   Level
 Ensorcelled Hibernation  Hex/Ice        6%         N/A       36%         2
 Confusing Touch          Hex            5%         N/A       50%         3
 Sigil of Binding         Hex            5%         N/A       50%         3
 Passwall                 Erth           1%         N/A       71%         3
 Swiftness                Air            1%         N/A       71%         3
 Vampiric Draining        Necr           1%         2d6       71%         3


Dungeon Overview and Level Annotations

Branches:
Dungeon (4/15)             Temple (1/1) D:4

Altars:
Ashenzari
Cheibriados
Fedhas
Hepliaklqana
Kikubaaqudgha
Makhleb
Nemelex Xobeh
Qazlal
Ru
Vehumet
Wu Jian
Zin
The Shining One

Shops:
D:2 *   D:4 (


Message History

The sky beast is heavily wounded.
The sky beast hits you. The sky beast shocks you.
You shoot an arrow.
The arrow hits the sky beast but does no damage.
The sky beast is heavily wounded.
You shoot an arrow. The arrow hits the sky beast!
The sky beast is severely wounded.
The sky beast hits you but does no damage.
You shoot an arrow. The arrow hits the sky beast.
The sky beast is severely wounded.
The sky beast barely misses you.
You shoot an arrow. The arrow closely misses the sky beast.
The sky beast barely misses you.
You shoot an arrow.
The arrow hits the sky beast but does no damage.
The sky beast is severely wounded.
The sky beast flickers out of sight!
Deactivating autopickup; reactivate with Ctrl-A.
Something hits you. Something shocks you.
You shoot an arrow. Something hits you. Something shocks you.
* * * LOW HITPOINT WARNING * * *
You feel better. Something hits you.
* * * LOW HITPOINT WARNING * * *
Something shocks you.
* * * LOW HITPOINT WARNING * * *
You feel better. Something hits you. Something shocks you.
* * * LOW HITPOINT WARNING * * *
You shoot an arrow. Something barely misses you.
You shoot an arrow.
A sky beast appears from thin air!
Reactivating autopickup.
The sky beast hits you.
* * * LOW HITPOINT WARNING * * *
The sky beast shocks you.
* * * LOW HITPOINT WARNING * * *
Okay, then.
As you read the scroll of butterflies, it crumbles to dust.
You hear the flapping of tiny wings.
The sky beast is knocked back by the sudden gust.
The sky beast hits you.
You die...

####### #ß.############.#
#.....# #>.# #.# #.....# #ß.#
#######.. #.....# ##.##
#........ #.....# #..# #.#######
#.....# ###b### #.#....#
≈#######...### #bbbbb###....#.#
...^...'...'.####bbb≈b##.......#
P#####.#...#.##Y@bbbbb'..#######
#.....bbbbb#bbb≈b##.#
#..###.bb####bbbbb#..#
#.##.#.b.# ###+###### #.
#.....#####... .. #.##........#
## #....######## ######


You could see a sky beast (ally target).

Vanquished Creatures
  2 scorpions (D:4)
  A bombardier beetle (D:3)
  An orc priest (D:3)
  An orc wizard (D:2)
  6 adders
  2 dart slugs
  5 orcs
  7 ball pythons
  3 bats (D:2)
  9 endoplasms
  6 giant cockroaches
  3 goblins
  8 hobgoblins
  11 jackals
  2 quokkas (D:4)
  4 frilled lizards (D:1)
  6 kobolds
  9 rats
86 creatures vanquished.

Vanquished Creatures (others)
  A butterfly (D:4)
1 creature vanquished.

Grand Total: 87 creatures vanquished

Notes
Turn   | Place    | Note
-------+----------+-------------------------------------------
     0 | D:1      | Daphne the Deep Elf Hunter began the quest for the Orb.
     0 | D:1      | Reached XP level 1. HP: 12/12 MP: 3/3
    55 | D:1      | Reached skill level 6 in Ranged Weapons
    55 | D:1      | Reached XP level 2. HP: 16/16 MP: 4/4
   285 | D:1      | Reached XP level 3. HP: 20/20 MP: 5/5
   418 | D:1      | Reached skill level 7 in Ranged Weapons
   770 | D:2      | Found Ucwic's General Store.
   784 | D:2      | Bought a potion of curing for 36 gold pieces
   805 | D:2      | Reached XP level 4. HP: 25/25 MP: 6/6
  1174 | D:2      | Reached skill level 8 in Ranged Weapons
  1499 | D:3      | Reached XP level 5. HP: 29/29 MP: 7/7
  1615 | D:3      | Reached skill level 9 in Ranged Weapons
  2401 | D:4      | Reached skill level 1 in Spellcasting
  2401 | D:4      | Reached XP level 6. HP: 20/34 MP: 7/10
  2403 | D:4      | Learned a level 1 spell: Slow
  2530 | D:4      | Reached skill level 1 in Hexes
  2641 | D:4      | Reached skill level 10 in Ranged Weapons
  2672 | D:4      | Identified the +2 spear of the Original Sin {spect, Will-
                  | Int+6}
  2809 | D:4      | Found Otuwoox's Antique Weapon Boutique.
  2816 | D:4      | Found a staircase to the Ecumenical Temple.
  2823 | Temple   | Entered the Ecumenical Temple
  2869 | D:4      | Noticed a sky beast
  2911 | D:4      | HP: 1/34 [sky beast (5)]
  2912 | D:4      | Slain by a sky beast

Illustrated notes

Levels and vault maps discovered:
D:1:      lightli_arrival_lavapool, layout_loops_ring
D:2:      layout_loops_ring, serial_shops, nicolae_shop_advertising_works
          [nicolae_subvault_shop_adworks], grunt_ministairs_4
D:3:      layout_basic
D:4:      minmay_skewed_foursquare, layout_basic,
          nicolae_elyvilon_peaceful_grove, temple_statues, serial_shops,
          kennysheep_little_box
Temple:   nicolae_temple_ecumenical_triangle

Skill      XL: |  1  2  3  4  5  6 |
---------------+-------------------+-----
Ranged Weapons | 6 7 8 9 10 | 10.0
Spellcasting   | 1 2 |  2.3
Hexes          | 1 |  1.4
Fighting       | |  1.5
Dodging        | |  2.4
Stealth        | |  1.2

Action                     |  1- 3 |  4- 6 || total
---------------------------+-------+-------++-------
   Fire: Shortbow          |    80 |   175 ||   255
   Cast: Slow              |       |     1 ||     1
    Use: Potion            |       |     3 ||     3
         Scroll            |       |     1 ||     1
 Armour: Leather armour    |    14 |    44 ||    58
  Dodge: Dodged            |    17 |    45 ||    62

Table legend: (Time is in decaauts)
 A = Elapsed time spent in this place.
 B = Non-inter-level travel time spent in this place.
 C = Inter-level travel time spent in this place.
 D = Time resting spent in this place.
 E = Time spent auto-exploring this place.
 F = Levels seen in this place.
 G = Mean time per level.
                   A        B        C        D        E       F      G
               +--------+--------+--------+--------+--------+-----+--------+
         Total |   2921 |   2738 |    183 |     11 |   2201 |   5 |  584.2 |
       Dungeon |   2909 |   2726 |    183 |     11 |   2201 |   4 |  727.2 |
        Temple |     11 |     11 |      0 |      0 |      0 |   1 |   11.0 |
               +--------+--------+--------+--------+--------+-----+--------+

Top non-repeatable levels by time:
     D:3: 937 daAuts
     D:2: 772 daAuts
     D:1: 686 daAuts
     D:4: 512 daAuts
  Temple: 11 daAuts
